 Dungeon Crawl Stone Soup version 0.25-a0-185-g6cfeca75b2 (webtiles) character file.

Game seed: 3297911584929022579, levelgen mode: deterministic

186 Lanoc the Gusty (level 5, -1/38 HPs)
             Began as a Draconian Air Elementalist on Nov 28, 2019.
             Slain by an ogre
             ... wielding a +0 giant spiked club
              (9 damage)
             ... on level 4 of the Dungeon.
             The game lasted 00:07:21 (2014 turns).

Lanoc the Gusty (Draconian Air Elementalist)        Turns: 2014, Time: 00:07:22

Health: -1/38      AC:  5    Str: 10    XL:     5   Next: 38%
Magic:  7/8        EV: 13    Int: 17    God:
Gold:   233        SH:  0    Dex: 11    Spells: 4/8 levels left

rFire    . . .     SeeInvis .   (no weapon)
rCold    . . .     Gourm    .   (no shield)
rNeg     . . .     Faith    .   (armour unavailable)
rPois    .         Spirit   .   (helmet restricted)
rElec    .         Reflect  .   c - scarf {repulsion}
rCorr    .         Harm     .   (no gloves)
MR       .....                  (no boots)
Stlth    +++.......             d - amulet of magic regeneration
HPRegen  0.12/turn              h - ring of stealth
MPRegen  0.36/turn              (no ring)

@: repel missiles
A: unfitting armour, cold-blooded, AC +5
a: no special abilities


You were on level 4 of the Dungeon.
You were not hungry.

You visited 1 branch of the dungeon, and saw 4 of its levels.

You collected 233 gold pieces.

Inventory:

Hand Weapons
 m - a +0 hunting sling
Missiles
 n - 30 sling bullets
Armour
 c - a scarf of repulsion (worn)
Jewellery
 d - an amulet of magic regeneration (around neck)
 h - a ring of stealth (left hand)
Scrolls
 j - 2 scrolls of amnesia
 o - a scroll of identify
 q - a scroll of enchant armour
Potions
 a - a potion of heal wounds {unknown}
 e - 2 potions of mutation {unknown}
 f - 2 potions of might {unknown}
 g - 4 potions of agility {unknown}
 i - 2 potions of brilliance
 k - a potion of flight
 l - 2 potions of cancellation {unknown}
Comestibles
 b - 4 rations
 p - 2 chunks of flesh


   Skills:
 + Level 3.0 Dodging
 - Level 1.7 Stealth
 - Level 2.0 Spellcasting
 + Level 2.6 Conjurations
 * Level 4.8 Air Magic


You had 4 spell levels left.
You knew the following spells:

 Your Spells              Type           Power        Failure   Level  Hunger
a - Shock                 Conj/Air       ##..         4%          1    #......
b - Static Discharge      Conj/Air       ##......     12%         3    ###....

Your spell library contained the following spells:

 Spells                   Type           Power        Failure   Level  Hunger
 Swiftness                Chrm/Air       #.......     11%         2    ###....
 Airstrike                Air            ###.......   26%         4    #####..
 Lightning Bolt           Conj/Air       ##........   75%         5    ######.


Dungeon Overview and Level Annotations

Branches:
Dungeon (4/15)
 Temple: D:4-7

Altars:

Shops:
D:4 (


Innate Abilities, Weirdness & Mutations

Your plain brown scales are hard. (AC +5)
You cannot fit into any form of body armour.
You are cold-blooded and may be slowed by cold attacks.


Message History

The zap hits the ogre.
The ogre is heavily wounded.
Casting: Shock (safe; 4% risk of failure)
Confirm with . or Enter, or press ? or * to list all spells.
Aiming: Shock (safe; 4% risk of failure)
Press: ? - help, Shift-Dir - straight line, p - ogre The zap hits the ogre.
The ogre is severely wounded.
The ogre hits you with a +0 giant spiked club!!
* * * LOW HITPOINT WARNING * * *
You hear the hiss of a distant avalanche of sand.
Casting: Shock (safe; 4% risk of failure)
Confirm with . or Enter, or press ? or * to list all spells.
Aiming: Shock (safe; 4% risk of failure)
Press: ? - help, Shift-Dir - straight line, f - ogre
Aim: an ogre, wielding a +0 giant spiked club (severely wounded)
The zap hits the ogre.
The ogre is severely wounded.
The ogre hits you with a +0 giant spiked club!
You die...

#.# .# ##.# .##
###.# #.### ##
#...# #.#.###.
#.#.## ##....##.
#.##.## ##......#.
#.###.###.........
#.# ##...####.###.
#@# ##### #.# #.
#O# #.# ## #.#
##'## #.# ##...##
#.### ##.....##
#.#.## ##.......#
#....####.........
#.......'.........
##...####.........


You could see an ogre.

Vanquished Creatures
  A howler monkey (D:4)
  A hound (D:4)
  A worker ant (D:4)
  An adder (D:2)
  An ooze (D:3)
  A worm (D:2)
  3 dart slugs
  A leopard gecko (D:2)
  4 orcs
  8 bats
  7 giant cockroaches
  9 goblins
  8 hobgoblins
  2 quokkas
  6 frilled lizards
  6 kobolds
  A quokka skeleton (D:4)
  8 rats
69 creatures vanquished.

Notes
Turn   | Place    | Note
-------+----------+-------------------------------------------
     0 | D:1      | Lanoc the Draconian Air Elementalist began the quest for
                  | the Orb.
     0 | D:1      | Reached XP level 1. HP: 14/14 MP: 3/3
   215 | D:1      | Reached XP level 2. HP: 20/20 MP: 3/5
   590 | D:2      | Reached XP level 3. HP: 25/26 MP: 2/6
   799 | D:2      | Reached skill level 4 in Air Magic
  1125 | D:3      | Reached XP level 4. HP: 33/33 MP: 4/7
  1180 | D:3      | Learned a level 3 spell: Static Discharge
  1825 | D:4      | Reached XP level 5. HP: 33/38 MP: 2/8
  1850 | D:4      | Found Naeteott's Antique Weapon Emporium.
  1985 | D:4      | Noticed an ogre
  2014 | D:4      | Slain by an ogre

Levels and vault maps discovered:
D:1:      dpeg_arrival_simpleton_a, layout_rooms, kennysheep_small_spiral
D:2:      layout_loops_cross, chequers_serial_rivers_small_a
D:3:      layout_loops_ring, first_ration, serial_forest,
          infiniplex_forest_lined_room_3, infiniplex_forest_fountain,
          infiniplex_forest_clump_double, infiniplex_forest_lined_2,
          infiniplex_forest_lined_3_way, infiniplex_forest_straight_3
D:4:      kennysheep_the_goblin_king, layout_loops_corners, serial_shops, shop,
          kennysheep_mini, shop_coins, nicolae_ossuary_entry_plus,
          minmay_misc_feat_roman

Skill      XL: |  1  2  3  4  5 |
---------------+----------------+-----
Dodging        | 2 3 |  3.0
Air Magic      | 4 |  4.8
Conjurations   | 2 |  2.6
Stealth        | |  1.7
Spellcasting   | |  2.0

Action                   |  1- 3 |  4- 6 || total
-------------------------+-------+-------++-------
Melee: Unarmed           |    24 |       ||    24
       Tailslap          |     4 |       ||     4
 Cast: Shock             |    88 |    74 ||   162
  Use: Scroll            |       |     7 ||     7
       Potion            |       |     1 ||     1
  Eat: Chunk             |     2 |     4 ||     6
Armor: Skin              |    16 |     5 ||    21
Dodge: Dodged            |    47 |    27 ||    74
       Deflected         |     3 |     1 ||     4

Table legend:
 A = Non-vault XP
 B = Vault XP
 C = Vault XP percentage of total XP
 D = Non-vault monster count
 E = Vault monster count
 F = Vault count percentage of total count
                 A         B        C        D         E       F
            +---------+---------+-------+---------+---------+-------
      Total |     266 |       0 |   0.0 |      69 |       0 |   0.0
            +---------+---------+-------+---------+---------+-------
        D:1 |      32 |       0 |   0.0 |      18 |       0 |   0.0
        D:2 |      64 |       0 |   0.0 |      27 |       0 |   0.0
        D:3 |      34 |       0 |   0.0 |      15 |       0 |   0.0
        D:4 |     136 |       0 |   0.0 |       9 |       0 |   0.0
            +---------+---------+-------+---------+---------+-------
